 Dungeon Crawl Stone Soup version 0.31.0-32-g396128a36d (webtiles) character file.

Game seed: 1156270000097015292

54 PaiMei the Grave Robber (level 3, 0/24 HPs)
             Began as a Demonspawn Necromancer on Apr 1, 2024.
             Succumbed to an adder's poison
             ... on level 2 of the Dungeon.
             The game lasted 00:02:18 (1898 turns).

PaiMei the Grave Robber (Demonspawn Necromancer)    Turns: 1898, Time: 00:02:19

Health: 0/24       AC:  2    Str:  8    XL:     3   Next: 66%
Magic:  0/6        EV: 14    Int: 17    God:
Gold:   72         SH:  0    Dex: 13    Spells: 3/7 levels left

rFire   . . .        h - +0 spear
rCold   . . .        (no shield)
rNeg    . . .        a - +0 robe
rPois   .            (no helmet)
rElec   .            (no cloak)
rCorr   .            (no gloves)
SInv    .            (no boots)
Will    .....        (no amulet)
Stlth   ++           (no ring)
HPRegen 0.24/turn    (no ring)
MPRegen 0.10/turn

%: no passive effects
@: lethally poisoned (0 -> -7)
A: repulsion field 1
a: no special abilities


You were on level 2 of the Dungeon.
You visited 1 branch of the dungeon, and saw 2 of its levels.

You collected 72 gold pieces.

Inventory:

Hand Weapons
 h - a +0 spear (weapon)
Missiles
 e - 3 poisoned darts (quivered)
Armour
 a - a +0 robe (worn)
Scrolls
 c - a scroll of amnesia {unknown}
 f - a scroll of revelation {unknown}
 i - a scroll of noise {unknown}
 j - 2 scrolls of fog {unknown}
Potions
 b - 2 potions of magic
 d - a potion of lignification {unknown}
 g - a potion of degeneration {unknown}
 k - a potion of curing {unknown}


   Skills:
 + Level 2.3 Dodging
 + Level 2.4 Stealth
 + Level 2.5 Spellcasting
 + Level 4.8 Necromancy


You had 3 spell levels left.
You knew the following spells:

 Your Spells              Type           Power      Damage    Failure   Level
a - Necrotise             Necr           72%        1d7       2%          1
b - Vampiric Draining     Necr           18%        2d7       8%          3

Your spell library contained the following spells:

 Spells                   Type           Power      Damage    Failure   Level
 Kiss of Death            Conj/Necr      40%        2d8       7%          1
 Confusing Touch          Hex            2%         N/A       50%         3
 Gell's Gravitas          Tloc           2%         N/A       50%         3
 Teleport Other           Tloc           2%         N/A       50%         3
 Animate Dead             Necr           18%        N/A       26%         4
 Dispel Undead            Necr           18%        3d11      26%         4
 Curse of Agony           Necr           18%        N/A       56%         5
 Dispersal                Tloc           1%         N/A       100%        6


Dungeon Overview and Level Annotations

Branches:
Dungeon (2/15)

Altars:

Shops:
D:1 [


Innate Abilities, Weirdness & Mutations

You are surrounded by a mild repulsion field. (EV +2)


Message History

You kill the adder!
The adder misses you. The adder closely misses you.
Casting: Necrotise (safe; 2% risk of failure)
Confirm with . or Enter, or press ? or * to list all spells.
You don't have enough magic to cast this spell.
The adder bites you.
You are poisoned.
The adder poisons you!
Casting: Necrotise (safe; 2% risk of failure)
Confirm with . or Enter, or press ? or * to list all spells.
Aiming: Necrotise (safe; 2% risk of failure)
Press: ? - help, Shift-Dir - straight line, f - adder
Aim: an adder (chance to affect: 83%)
The adder writhes in agony.
You feel sick. The adder bites you.
You hit the adder.
The adder is heavily wounded.
You feel sick. The adder bites you but does no damage.
The adder barely misses you.
Casting: Necrotise (safe; 2% risk of failure)
Confirm with . or Enter, or press ? or * to list all spells.
You don't have enough magic to cast this spell.
You closely miss the adder.
The adder is heavily wounded.
You feel sick. The adder bites you.
* * * LOW HITPOINT WARNING * * *
Casting: Necrotise (safe; 2% risk of failure)
Confirm with . or Enter, or press ? or * to list all spells.
You don't have enough magic to cast this spell.
You barely miss the adder.
The adder is heavily wounded.
You feel sick. The adder bites you.
* * * LOW HITPOINT WARNING * * *
You are more poisoned.
The adder poisons you! The adder bites you but does no damage.
Casting: Necrotise (safe; 2% risk of failure)
Confirm with . or Enter, or press ? or * to list all spells.
You don't have enough magic to cast this spell.
You closely miss the adder.
The adder is heavily wounded.
You die...

#.#.# #.#.##
#....# ###..#
#..# #..# #..#
#..######
#@S....(..
.........#######
..#####.># ...#
###.# #.# #.# .#


You could see an adder.

Vanquished Creatures
  2 adders (D:2)
  A dart slug (D:1)
  A ribbon worm (D:2)
  2 ball pythons (D:2)
  2 bats (D:1)
  5 endoplasms
  2 giant cockroaches (D:2)
  A goblin (D:2)
  2 hobgoblins
  2 jackals (D:2)
  A quokka (D:1)
  3 frilled lizards
  2 kobolds (D:1)
  2 rats (D:1)
28 creatures vanquished.

Vanquished Creatures (collateral kills)
  A ball python (D:1)
  A frilled lizard (D:1)
2 creatures vanquished.

Grand Total: 30 creatures vanquished

Notes
Turn   | Place    | Note
-------+----------+-------------------------------------------
     0 | D:1      | PaiMei the Demonspawn Necromancer began the quest for the
                  | Orb.
     0 | D:1      | Reached XP level 1. HP: 13/13 MP: 3/3
    17 | D:1      | Found Ozxaunwymon's Antique Armour Shoppe.
   530 | D:1      | Gained mutation: You are surrounded by a mild repulsion
                  | field. (EV +2) [demonic ancestry]
   530 | D:1      | Reached XP level 2. HP: 18/19 MP: 0/5
  1355 | D:2      | Reached XP level 3. HP: 18/24 MP: 1/6
  1359 | D:2      | Learned a level 3 spell: Vampiric Draining
  1897 | D:2      | HP: 1/24 [adder (3)]
  1898 | D:2      | Succumbed to an adder's poison

Illustrated notes

Levels and vault maps discovered:
D:1:      dpeg_arrival_rooms_c, layout_basic, serial_shops, shop
D:2:      layout_loops_ring

Skill      XL: |  1 |
---------------+----+-----
Dodging        | 2 |  2.3
Stealth        | 2 |  2.4
Spellcasting   | |  2.5
Necromancy     | |  4.8

Action                     || total
---------------------------++-------
  Melee: Unarmed           ||     2
         Spear             ||    18
   Cast: Necrotise         ||    67
 Armour: Robe              ||    35
  Dodge: Dodged            ||    46
